[Event "Team 45 45 League T30"]
[Site "Internet Chess Club"]
[Date "2006.03.22"]
[Round "1"]
[White "WzeroMN"]
[Black "rpgrossman"]
[Result "0-1"]
[WhiteElo "1153"]
[BlackElo "1065"]
[TimeControl "2700+45"]

1. e4 Nc6 2. d4 e5 3. d5 Nce7 4. Nf3 d6 5. Bb5+ c6 6. dxc6 Qa5+ 7. Nc3 bxc6 8.
Bxc6+ Nxc6 9. O-O Bg4 10. Be3 Bxf3 11. Qxf3 Nd4 12. Qd1 Nf6 13. Bxd4 exd4 14.
Qxd4 Be7 15. Rfe1 O-O 16. e5 Nd7 17. Qd5 Qb6 18. e6 Nf6 19. exf7+ Kh8 20. Qb5
Rxf7 21. Qxb6 axb6 22. Nb5 Ng4 23. Re6 Rxf2 24. Rxe7 Rxc2 25. Rae1 Ne5 26. Nxd6
Rf8 27. R7xe5 h6 28. Re8 Rxe8 29. Rxe8+ Kh7 30. Re1 Rxb2 31. Ra1 Rd2 32. Ne4 Re2
33. Nf2 b5 34. Kf1 Rb2 35. a3 g5 36. Nd3 Rb3 37. Nb4 h5 38. Ke2 g4 39. Kd2 Rb2+
40. Kc3 Rxg2 41. Ra2 Rxa2 42. Nxa2 h4 43. Kb4 g3 44. hxg3 h3 {White resigns} 0-1

[Event "Team 45 45 League T30"]
[Site "Internet Chess Club"]
[Date "2006.03.24"]
[Round "1"]
[White "SargentBono"]
[Black "Fogbound"]
[Result "1-0"]
[WhiteElo "1438"]
[BlackElo "1293"]
[TimeControl "2700+45"]

1. e4 g6 2. d4 Bg7 3. Nc3 a6 4. Be3 d6 5. Qd2 b5 6. h4 h6 7. O-O-O Nd7 8. f4 Nb6
9. h5 Bg4 10. Be2 Bxe2 11. Qxe2 Nc4 12. hxg6 fxg6 13. Nf3 Nxe3 14. Qxe3 e6 15.
f5 Ne7 16. fxe6 Rb8 17. d5 h5 18. Kb1 Bxc3 19. Qxc3 b4 20. Qxh8+ {Black resigns}
1-0  aics%

[Event "Team 45 45 League T30"]
[Site "Internet Chess Club"]
[Date "2006.03.26"]
[Round "1"]
[White "klt713"]
[Black "mwm913"]
[Result "1-0"]
[WhiteElo "1263"]
[BlackElo "1345"]
[TimeControl "2700+45"]

1. d4 d5 2. c4 e6 3. Nc3 Bb4 4. Nf3 Nf6 5. Bg5 Nc6 6. e3 dxc4 7. Bxc4 O-O 8. O-O
b6 9. Rc1 Bb7 10. d5 exd5 11. Bxd5 Qe7 12. e4 Rad8 13. Qc2 Bd6 14. Rfe1 Nb4 15.
Qe2 Ba6 16. Bc4 b5 17. Nxb5 Bxb5 18. Bxb5 Nxa2 19. Ra1 Bb4 20. Red1 h6 21. Bxh6
gxh6 22. Rxa2 Rxd1+ 23. Qxd1 Nxe4 24. Ba4 Qc5 25. Qf1 Qd5 26. Ra1 c5 27. Rd1 Qa2
28. Bc6 Qxb2 29. Bxe4 a5 30. Bb1 a4 31. Qd3 Qg7 32. Ne5 Re8 33. Nc6 Kf8 34. Nxb4
cxb4 35. Qd6+ Kg8 36. Qxb4 Ra8 37. Rd3 Qf6 38. Qg4+ Kh8 39. Kf1 Qb2 40. Rd1 a3
41. Qe4 Rb8 42. Qh7# {Black checkmated} 1-0  aics%

[Event "Team 45 45 League T30"]
[Site "Internet Chess Club"]
[Date "2006.03.28"]
[Round "1"]
[White "PocketChange"]
[Black "DayDream01"]
[Result "1-0"]
[WhiteElo "1306"]
[BlackElo "1146"]
[TimeControl "2700+45"]

1. e4 e5 2. Nf3 Nc6 3. Bc4 Nf6 4. Nc3 Bb4 5. O-O O-O 6. d4 exd4 7. Nxd4 Bxc3 8.
bxc3 Nxe4 9. Bb2 d5 10. Bd3 Re8 11. c4 dxc4 12. Bxc4 Nxd4 13. Qxd4 Nd2 14. Qxg7#
{Black checkmated} 1-0  aics%

[Event "Team 45 45 League T30"]
[Site "Internet Chess Club"]
[Date "2006.03.22"]
[Round "1"]
[White "ffplayer"]
[Black "NineMilly"]
[Result "1/2-1/2"]
[WhiteElo "1116"]
[BlackElo "1177"]
[TimeControl "2700+45"]

1. e4 e6 2. d4 d5 3. e5 c5 4. c3 Qb6 5. Nf3 Nc6 6. a4 Nge7 7. Bb5 g6 8. O-O Nf5
9. Be3 a6 10. Bxc6+ bxc6 11. b3 Nxe3 12. fxe3 cxd4 13. exd4 Bh6 14. b4 a5 15.
Qe1 Ba6 16. bxa5 Qxa5 17. Rf2 O-O 18. Na3 Rab8 19. Nc2 Rb3 20. Nb4 c5 21. Nxa6
Qxa6 22. Rc2 Qd3 23. Raa2 Rc8 24. Rab2 Ra3 25. h3 Rxa4 26. Qe2 Ra1+ 27. Kh2 Qxe2
28. Rxe2 cxd4 29. cxd4 Rd1 30. Nd2 Bf4+ 31. g3 Bxd2 32. Rexd2 Rdc1 33. h4 Kg7
34. Ra2 h5 35. Kg2 R1c4 36. Kf2 f6 37. Ra7+ R4c7 38. exf6+ Kxf6 39. Rxc7 Rxc7
40. Rd3 Kf5 41. Kf3 g5 42. hxg5 Kxg5 43. Re3 Rf7+ 44. Kg2 Rf6 45. Kh3 Kf5 46.
Re5+ Kg6 47. Kh4 Kh6 48. Rxh5+ Kg7 49. Rg5+ Kh6 50. g4 Rf4 51. Re5 Rxd4 52.
Rxe6+ Kg7 53. Rd6 Kf7 54. Kh5 Ke7 55. Rg6 Rd1 56. Rh6 d4 57. g5 d3 58. Rh7+ Ke6
59. Rh6+ Ke5 60. Kg6 Rd2 61. Rh1 Re2 62. Rd1 Ke4 63. Kh7 d2 64. g6 Rh2+ 65. Kg7
Ke3 66. Kf7 Rf2+ 67. Kg8 Ke2 68. Rxd2+ Kxd2 69. g7 Rg2 70. Kh7 Rxg7+ 71. Kxg7
{Game drawn because neither player has mating material} 1/2-1/2

[Event "Team 45 45 League T30"]
[Site "Internet Chess Club"]
[Date "2006.03.26"]
[Round "1"]
[White "ElmerHo"]
[Black "TrickyBishop"]
[Result "1-0"]
[WhiteElo "1663"]
[BlackElo "1584"]
[TimeControl "2700+45"]

1. e4 c5 2. Nf3 d6 3. d4 cxd4 4. Nxd4 Nc6 5. Nc3 a6 6. Be3 Nxd4 7. Bxd4 e5 8.
Be3 Nf6 9. f3 Be6 10. Qd2 Be7 11. g4 Qa5 12. g5 Nd7 13. h4 Bd8 14. Qxd6 Bb6 15.
Bxb6 Nxb6 16. a3 Rc8 17. b4 Rd8 18. Qxd8+ Kxd8 19. bxa5 {Black resigns} 1-0 
aics%

[Event "Team 45 45 League T30"]
[Site "Internet Chess Club"]
[Date "2006.03.26"]
[Round "1"]
[White "gartman"]
[Black "calily"]
[Result "1-0"]
[WhiteElo "1630"]
[BlackElo "1615"]
[TimeControl "2700+45"]

1. e4 e5 2. Nf3 Nf6 3. Nxe5 d6 4. Nf3 Nxe4 5. Nc3 Nxc3 6. dxc3 Nc6 7. Be3 Bg4 8.
h3 Bh5 9. g4 Bg6 10. Bg2 Be4 11. Qe2 Be7 12. O-O-O O-O 13. Rhg1 Re8 14. Nd4 Bxg2
15. Rxg2 Bg5 16. Rf1 Nxd4 17. cxd4 Bf4 18. Qf3 Bxe3+ 19. fxe3 Qe7 20. Kd2 Qe4
21. Qxf7+ Kh8 22. Qf3 d5 23. Qxe4 dxe4 24. Rf7 Rac8 25. Rgf2 Kg8 26. R2f4 Rf8
27. Rxf8+ Rxf8 28. Rxf8+ Kxf8 29. d5 Ke7 30. Kc3 Kf6 31. Kd4 Kg5 32. Kxe4 Kh4
33. Kf4 g5+ 34. Kf3 Kxh3 35. e4 h5 36. gxh5 g4+ 37. Kf2 g3+ 38. Kg1 {Black
resigns} 1-0  aics%

[Event "Team 45 45 League T30"]
[Site "Internet Chess Club"]
[Date "2006.03.26"]
[Round "1"]
[White "mambomex"]
[Black "Fegary"]
[Result "1-0"]
[WhiteElo "1660"]
[BlackElo "1579"]
[TimeControl "2700+45"]

1. e4 d6 2. d4 Nf6 3. Nc3 g6 4. Bc4 Bg7 5. Nge2 c6 6. O-O b5 7. Bd3 O-O 8. f3 a5
9. a3 Qb6 10. Be3 Ba6 11. Qd2 Rd8 12. e5 Ne8 13. d5 c5 14. e6 f6 15. a4 b4 16.
Nd1 Nc7 17. Bxa6 Nbxa6 18. Nf2 Qb7 19. Rfd1 Rac8 20. c4 bxc3 21. bxc3 Na8 22.
Rab1 Qc7 23. Bh6 Bh8 24. Rb5 Rb8 25. c4 Nb4 26. Rxb8 Rxb8 27. Qe3 Nb6 28. Qb3
Qd8 29. Rb1 Qe8 30. Bf4 Nxa4 31. Ng4 h5 32. Nh6+ Kh7 33. Bd2 Nb6 34. Nf7 Bg7 35.
Ra1 a4 36. Qd1 Nxc4 37. Bxb4 Rxb4 38. Qd3 a3 39. f4 Qa4 40. Nc3 Qb3 41. f5 g5
42. Nxg5+ Kg8 43. Nge4 Ne5 44. Qf1 Bh6 45. Qa6 Be3+ 46. Kh1 Ng4 47. Qc8+ Kg7 48.
Qe8 Rb7 49. Qg6+ Kh8 50. Qxh5+ Nh6 51. Qh3 Bd4 52. Qxh6+ Kg8 53. Qg6+ Kh8 54.
Qe8+ Kh7 55. Nxd6 Qxc3 56. Qg6+ {Black resigns} 1-0  aics%

[Event "Team 45 45 League T30"]
[Site "Internet Chess Club"]
[Date "2006.03.26"]
[Round "1"]
[White "C-Jones"]
[Black "arriero55"]
[Result "0-1"]
[WhiteElo "1553"]
[BlackElo "1567"]
[TimeControl "2700+45"]

1. e4 e5 2. Nf3 Nc6 3. Bb5 a6 4. Ba4 Nf6 5. O-O Be7 6. Re1 b5 7. Bb3 d6 8. h3
Na5 9. c3 Nxb3 10. Qxb3 Be6 11. Qd1 O-O 12. d4 exd4 13. cxd4 d5 14. e5 Ne4 15.
Nbd2 Bf5 16. Nb3 f6 17. Bf4 fxe5 18. Bxe5 c6 19. Rc1 Qb6 20. Nfd2 Nxf2 21. Qe2
Nd3 22. Bxg7 Kxg7 23. Qxe7+ Rf7 24. Qg5+ Kh8 25. Re7 Qd8 26. Rxf7 Qxg5 27. Rxc6
Bxh3 28. g3 Qxg3+ {White resigns} 0-1  aics%

[Event "Team 45 45 League T30"]
[Site "Internet Chess Club"]
[Date "2006.03.24"]
[Round "1"]
[White "egd01"]
[Black "PostMike"]
[Result "1/2-1/2"]
[WhiteElo "1653"]
[BlackElo "1530"]
[TimeControl "2700+45"]

1. e4 c5 2. Nf3 Nc6 3. d4 cxd4 4. Nxd4 g6 5. c4 Bg7 6. Be3 Nf6 7. Nc3 d6 8. Be2
O-O 9. Qd2 Re8 10. h4 h5 11. f3 Bd7 12. Nd5 Nxd5 13. cxd5 Ne5 14. Rc1 Rc8 15.
Kf2 a6 16. Bf4 Qb6 17. Be3 Qd8 18. Bf4 Qb6 19. Be3 Qd8 {Game drawn by
repetition} 1/2-1/2  aics%

[Event "Team 45 45 League T30"]
[Site "Internet Chess Club"]
[Date "2006.03.24"]
[Round "1"]
[White "rgadoury"]
[Black "SandiaCaveMan"]
[Result "0-1"]
[WhiteElo "1369"]
[BlackElo "1402"]
[TimeControl "2700+45"]

1. d4 d5 2. g3 Nf6 3. Bg2 g6 4. Nf3 Nc6 5. Nbd2 Bg7 6. e3 O-O 7. O-O Re8 8. c4
e5 9. dxe5 Nxe5 10. Nxe5 Rxe5 11. Nf3 Re7 12. c5 c6 13. Nd4 Bd7 14. Bd2 b6 15.
b4 b5 16. a4 Ne4 17. Bxe4 Bxd4 18. exd4 Rxe4 19. Be3 a6 20. a5 Qe7 21. Qd2 f6
22. Ra3 Re8 23. Re1 Bh3 24. f3 Re6 25. Raa1 Rxe3 26. Rxe3 Qxe3+ 27. Qxe3 Rxe3
28. Kf2 Rb3 29. g4 Rxb4 30. Kg3 Bxg4 31. Kxg4 Rxd4+ 32. Kg3 Rc4 {White resigns}
0-1  aics%

[Event "Team 45 45 League T30"]
[Site "Internet Chess Club"]
[Date "2006.03.24"]
[Round "1"]
[White "Traho"]
[Black "schweppz"]
[Result "0-1"]
[WhiteElo "1254"]
[BlackElo "1377"]
[TimeControl "2700+45"]

1. e4 c5 2. d4 e6 3. c3 Nc6 4. Nf3 Nf6 5. Bf4 cxd4 6. e5 Nd5 7. Bg3 dxc3 8. Nxc3
Bb4 9. Rc1 Ba5 10. a3 Nxc3 11. bxc3 O-O 12. Nd4 a6 13. Nb3 Bc7 14. f4 f6 15. Nd4
fxe5 16. Nxc6 bxc6 17. fxe5 Qg5 18. Qd2 Qe7 19. Be2 Qxa3 20. Rf1 Bb7 21. Rb1
Rxf1+ 22. Bxf1 Rb8 23. c4 Qe7 24. Qe3 Qf7 25. Bd3 c5 26. Qxc5 Bc6 27. Qa7 Ba5+
28. Kd1 Rxb1+ 29. Bxb1 Qf1+ 30. Kc2 Qxc4+ {White resigns} 0-1  aics%

[Event "Team 45 45 League T30"]
[Site "Internet Chess Club"]
[Date "2006.03.24"]
[Round "1"]
[White "fabill"]
[Black "Urookfantastic"]
[Result "0-1"]
[WhiteElo "1124"]
[BlackElo "1351"]
[TimeControl "2700+45"]

1. d4 e6 2. f4 d5 3. Nf3 c5 4. Nc3 Qb6 5. e3 Nc6 6. Be2 cxd4 7. exd4 Nge7 8. O-O
Nf5 9. Na4 Qb4 10. c3 Qa5 11. Qe1 Qxa4 12. Nh4 Nxh4 13. Qxh4 Be7 14. Qg4 O-O 15.
f5 e5 16. Bh6 Bf6 17. Bg5 Bxg5 18. Qxg5 exd4 19. cxd4 Qxd4+ 20. Kh1 f6 21. Qc1
Ne7 22. Rf4 Qe5 23. Rf1 Nxf5 24. Re1 d4 25. Bc4+ Kh8 26. Rxe5 fxe5 27. Qe1 Ne3
28. Bd3 Bf5 29. Be2 Nc2 30. Qc1 Nxa1 31. Qxa1 Rac8 32. Qd1 Rc2 33. g4 Be4+ 34.
Kg1 Rxb2 35. Bf1 Rb1 36. Qe2 Rbxf1+ 37. Qxf1 Rxf1+ 38. Kxf1 Bf3 39. h3 d3 40.
Ke1 e4 41. Kd2 g6 42. g5 Kg7 43. h4 Kf7 {White resigns} 0-1  aics%

[Event "Team 45 45 League T30"]
[Site "Internet Chess Club"]
[Date "2006.03.24"]
[Round "1"]
[White "jientho"]
[Black "Mutaant"]
[Result "1-0"]
[WhiteElo "1515"]
[BlackElo "1389"]
[TimeControl "2700+45"]

1. e4 e5 2. Nf3 Nc6 3. Bc4 Bc5 4. b4 Bxb4 5. c3 Ba5 6. d4 exd4 7. O-O dxc3 8.
Qb3 Qf6 9. e5 Qf5 10. Ba3 h6 11. Nxc3 Nge7 12. Nd5 Ng6 13. Ne3 Qf4 14. Nd5 Qf5
15. Bd3 Qh5 16. Nf6+ gxf6 17. exf6 Nge5 18. Nxe5 Nxe5 19. Qd5 c6 20. Qd6 Kd8 21.
Qe7+ Kc7 22. Bd6+ Kb6 23. Rab1+ Bb4 24. Rxb4+ Ka5 25. Bc7+ b6 26. Qc5# {Black
checkmated} 1-0  aics%

[Event "Team 45 45 League T30"]
[Site "Internet Chess Club"]
[Date "2006.03.24"]
[Round "1"]
[White "JLMOE"]
[Black "Knight-Rookie"]
[Result "1-0"]
[WhiteElo "1321"]
[BlackElo "1424"]
[TimeControl "2700+45"]

1. b3 Nf6 2. Bb2 e6 3. Nf3 c5 4. e3 a6 5. Na3 Nc6 6. Nc4 Qc7 7. d4 cxd4 8. Nxd4
Be7 9. Nxc6 bxc6 10. Bd3 O-O 11. Ne5 Bd6 12. Ng4 Nd5 13. Nh6+ Kh8 14. Qh5 Bb4+
15. Kf1 Bc3 16. Nxf7+ Kg8 17. Bxh7# {Black checkmated} 1-0  aics%

[Event "Team 45 45 League T30"]
[Site "Internet Chess Club"]
[Date "2006.03.27"]
[Round "1"]
[White "wellfred"]
[Black "PaleMorningDun"]
[Result "0-1"]
[WhiteElo "1169"]
[BlackElo "1340"]
[TimeControl "2700+45"]

1. e4 d5 2. exd5 Nf6 3. Nc3 Nxd5 4. Nxd5 Qxd5 5. Qf3 Qc5 6. Bd3 Nc6 7. Qd1 e5 8.
b3 Be6 9. Bb2 O-O-O 10. Ne2 Nb4 11. Qc1 Nxd3+ 12. cxd3 Qd5 13. O-O Qxd3 14. Bxe5
c6 15. Nf4 Qxd2 16. Nxe6 fxe6 17. Rd1 Qxc1 18. Raxc1 Rg8 19. Rxd8+ Kxd8 20. Rd1+
Kc8 21. g3 Bc5 22. Kg2 g6 23. h4 Rd8 24. Rxd8+ Kxd8 25. Bf6+ Kd7 26. Kf3 Kd6 27.
Ke2 Kd5 28. f3 Bd6 29. g4 h5 30. gxh5 gxh5 31. Bg5 b5 32. Bd8 Kd4 33. Bf6+ Be5
34. Bxe5+ Kxe5 35. Ke3 c5 36. a3 a5 37. f4+ Kf5 38. Kf3 c4 39. a4 cxb3 40. axb5
b2 41. b6 b1=Q 42. b7 Qxb7+ 43. Kg3 a4 {White resigns} 0-1  aics%

[Event "Team 45 45 League T30"]
[Site "Internet Chess Club"]
[Date "2006.03.24"]
[Round "1"]
[White "dcuprill"]
[Black "slakkjaw"]
[Result "0-1"]
[WhiteElo "1135"]
[BlackElo "1303"]
[TimeControl "2700+45"]

1. d4 d5 2. c4 e6 3. Nf3 Nc6 4. Nc3 Nf6 5. Bg5 Be7 6. Bxf6 Bxf6 7. e3 O-O 8.
cxd5 exd5 9. a3 Bf5 10. Bd3 Qd7 11. O-O Rae8 12. Re1 Bg4 13. Be2 Re7 14. b4 a6
15. Qb3 Be6 16. Rad1 Kh8 17. e4 dxe4 18. Nxe4 Bxb3 {White resigns} 0-1  aics%

[Event "Team 45 45 League T30"]
[Site "Internet Chess Club"]
[Date "2006.03.25"]
[Round "1"]
[White "Qualm"]
[Black "alastorx"]
[Result "1/2-1/2"]
[WhiteElo "1860"]
[BlackElo "1850"]
[TimeControl "2700+45"]

1. e4 d5 2. exd5 Qxd5 3. Nc3 Qa5 4. d4 Nf6 5. Nf3 Nc6 6. h3 Bf5 7. Bd3 O-O-O 8.
Bxf5+ Qxf5 9. Ne2 e5 10. c3 e4 11. Nh2 Ne5 12. O-O Nd3 13. f3 Bd6 14. fxe4 Qxe4
15. Rf3 Nxc1 16. Nxc1 Qe6 17. Nb3 Rhe8 18. Qd3 Qe2 19. Qf5+ Kb8 20. Rf2 Qe4 21.
Qxe4 Rxe4 22. Nd2 Re6 23. Nc4 Rd7 24. Nxd6 Rdxd6 25. Nf3 h6 26. Ne5 Re7 27. Re1
Kc8 28. Rfe2 Rde6 29. Kf2 Nd7 30. Nxd7 Kxd7 31. Rxe6 Rxe6 32. Rxe6 Kxe6 33. c4
f5 {Game drawn by mutual agreement} 1/2-1/2  aics%

[Event "Team 45 45 League T30"]
[Site "Internet Chess Club"]
[Date "2006.03.26"]
[Round "1"]
[White "Egmont"]
[Black "buzzard"]
[Result "0-1"]
[WhiteElo "1705"]
[BlackElo "1681"]
[TimeControl "2700+45"]

1. e4 c5 2. Nf3 Nc6 3. d4 cxd4 4. Nxd4 Qb6 5. Nb3 Nf6 6. Nc3 e6 7. Be3 Qc7 8.
Be2 Bb4 9. f3 Bxc3+ 10. bxc3 d5 11. exd5 Nxd5 12. Bd4 O-O 13. Bc5 Rd8 14. Bd3
Qe5+ 15. Kf2 Qxc3 16. a3 b6 17. Bd4 Nxd4 18. Nxd4 Qxd4+ {White resigns} 0-1 
aics%

[Event "Team 45 45 League T30"]
[Site "Internet Chess Club"]
[Date "2006.03.25"]
[Round "1"]
[White "Migs-19"]
[Black "NFK"]
[Result "1-0"]
[WhiteElo "1576"]
[BlackElo "1749"]
[TimeControl "2700+45"]

1. e4 e5 2. Nf3 Nc6 3. Bb5 Nf6 4. O-O Bc5 5. d3 d6 6. Bg5 Bd7 7. Nc3 Ne7 8.
Bxd7+ Qxd7 9. a3 c6 10. Na4 Bb6 11. Nxb6 axb6 12. Bxf6 gxf6 13. Qd2 O-O-O 14. b4
Rdg8 15. Kh1 h5 16. c4 Qg4 17. Rg1 h4 18. h3 Qd7 19. a4 Ng6 20. b5 Nf4 21. a5
bxa5 22. bxc6 Qxc6 23. Rxa5 Kd7 24. d4 Qxe4 25. dxe5 fxe5 26. Nxe5+ Ke6 27. Ng4
Qxc4 28. Re1+ Kd7 29. Nf6+ {Black resigns} 1-0  aics%

[Event "Team 45 45 League T30"]
[Site "Internet Chess Club"]
[Date "2006.03.26"]
[Round "1"]
[White "Rlopez"]
[Black "room-matt"]
[Result "1-0"]
[WhiteElo "1929"]
[BlackElo "1842"]
[TimeControl "2700+45"]

1. d4 Nf6 2. c4 e5 3. dxe5 Ng4 4. Bf4 Nc6 5. Nf3 Bb4+ 6. Nc3 Bxc3+ 7. bxc3 Qe7
8. Qd5 f6 9. exf6 Nxf6 10. Qd3 d6 11. e3 O-O 12. Be2 Ne4 13. Nd4 g5 14. Bg3 Nxg3
15. hxg3 Ne5 16. Qc2 Bg4 17. f3 Bd7 18. O-O-O a6 19. e4 Rf7 20. Qd2 g4 21. f4
Nc6 22. Bd3 Raf8 23. Rh5 Rg7 24. Rdh1 Rff7 25. Qe2 Qf8 26. Qc2 Qe7 27. Qb2 b6
28. Qc2 a5 29. Nb5 Be8 30. R5h4 Nd8 31. Qe2 Qf6 32. Kc2 Bd7 33. Kd2 c6 34. Nd4
c5 35. Nb5 Bc8 36. Qe3 Bb7 37. Qe2 Bc8 38. f5 Qg5+ 39. Qe3 Qe7 40. Qf4 Nb7 41.
Rxg4 Rxg4 42. Qxg4+ Rg7 43. Qf4 Qe5 44. Qxe5 dxe5 45. Rh3 Kf7 46. Ke3 Ke7 47.
Nc7 Kd7 48. Nd5 Kc6 49. Kf3 Nd6 50. Rh6 Rd7 51. Nf6 Nxf5 52. Nxd7+ Nxh6 53.
Nxe5+ Kd6 54. Kf4 Ke6 55. Be2 Bb7 56. g4 Nf7 57. Nxf7 Kxf7 58. Ke5 a4 59. a3 Ke7
60. Bf3 Ba6 61. Be2 Bb7 62. Bd3 Ba8 63. Kf5 Kf7 64. Kg5 Ke6 65. g3 Ke5 66. Kh6
Bxe4 67. Bxe4 Kxe4 68. g5 Kf5 69. Kh5 Ke5 70. g6 Kf6 71. gxh7 Kg7 72. h8=Q+ Kxh8
73. Kg6 Kg8 74. Kf6 Kf8 75. Ke6 Ke8 76. Kd6 Kf7 77. Kc6 Ke6 78. Kxb6 {Black
resigns} 1-0  aics%

[Event "Team 45 45 League T30"]
[Site "Internet Chess Club"]
[Date "2006.03.27"]
[Round "1"]
[White "Simonside"]
[Black "hondocando"]
[Result "1-0"]
[WhiteElo "1834"]
[BlackElo "1642"]
[TimeControl "2700+45"]

1. c4 e5 2. Nc3 Nc6 3. Nf3 Nf6 4. d4 exd4 5. Nxd4 Bb4 6. Bg5 Bxc3+ 7. bxc3 h6 8.
Bh4 d6 9. f3 Ne5 10. e4 O-O 11. Be2 Be6 12. Nxe6 fxe6 13. Qb3 Qc8 14. g4 Nfd7
15. O-O Nc5 16. Qc2 g5 17. Bg3 Ng6 18. e5 Kg7 19. exd6 c6 20. Qd2 Qd7 21. Qd4+
Kf7 22. Qxc5 b6 23. Qe3 c5 24. f4 Kg8 25. fxg5 hxg5 26. Qxg5 Kg7 27. Bd3 Rxf1+
28. Rxf1 {Black resigns} 1-0  aics%

[Event "Team 45 45 League T30"]
[Site "Internet Chess Club"]
[Date "2006.03.26"]
[Round "1"]
[White "David-Carioca"]
[Black "bondguy01"]
[Result "0-1"]
[WhiteElo "1680"]
[BlackElo "1665"]
[TimeControl "2700+45"]

1. d4 d5 2. Nf3 Nf6 3. e3 e6 4. c4 dxc4 5. Bxc4 c5 6. O-O a6 7. b3 Nbd7 8. Ba3
b5 9. Bd3 Bb7 10. dxc5 Bxc5 11. Bxc5 Nxc5 12. Be2 Qxd1 13. Rxd1 Ke7 14. Nc3 Rad8
15. Ne5 Nfd7 16. Nf3 Nf6 17. b4 Nce4 18. Rac1 Rxd1+ 19. Bxd1 Rc8 20. Ne2 Rxc1
21. Nxc1 Nc3 22. Bb3 Bd5 23. Nd4 Kd6 24. Kf1 Nfe4 25. Ke1 Nf6 26. f3 Bxb3 27.
Ndxb3 Ncd5 28. Nd3 Nxe3 29. Kf2 Nc2 30. a4 Nd5 31. axb5 axb5 32. Nbc5 Ncxb4 33.
Ne4+ Ke7 34. Nb2 h6 35. Ke2 f5 36. Nc5 f4 37. Nb3 g5 38. Nd4 Nc7 39. Nd1 Nbd5
40. Kd3 Kf6 41. Nf2 Kf7 42. Ng4 Kg6 43. Ne5+ Kf6 44. Nd7+ Ke7 45. Nc5 Kd6 46.
Nb7+ Ke7 47. Nc6+ Kf6 48. Kd4 b4 49. Nc5 Nb5+ 50. Kd3 Nd6 51. Nd8 e5 52. Nc6 Nf7
53. Kc4 Ne3+ 54. Kxb4 Nxg2 55. Ne4+ Ke6 56. Kc4 Nd6+ 57. Kd3 Nxe4 58. Kxe4 Nh4
59. Nxe5 Nf5 60. Ng4 h5 61. Nf2 Nd6+ 62. Kd4 Kf5 63. h3 Nf7 64. Kd5 Ne5 65. Ne4
Nxf3 66. Nd6+ Kg6 67. Ke4 Nh4 68. Nc4 Kf6 69. Nd2 Ng6 70. Kf3 Ne5+ 71. Ke4 Ng6
72. Nf3 g4 73. hxg4 hxg4 74. Nh4 g3 75. Ng2 Kg5 76. Kf3 Ne5+ 77. Ke2 f3+ 78. Kf1
fxg2+ 79. Kxg2 Kg4 80. Kg1 Kf3 81. Kf1 g2+ 82. Kg1 Nd3 83. Kh2 Kf2 {White
resigns} 0-1  aics%

[Event "Team 45 45 League T30"]
[Site "Internet Chess Club"]
[Date "2006.03.22"]
[Round "1"]
[White "Tomate"]
[Black "BrerRabbit"]
[Result "1-0"]
[WhiteElo "1446"]
[BlackElo "1411"]
[TimeControl "2700+45"]

1. e4 c5 2. Nf3 e6 3. d4 cxd4 4. Nxd4 Nc6 5. Nc3 d6 6. h3 Be7 7. g4 Nf6 8. Bg2
Qb6 9. Nb3 O-O 10. Be3 Qd8 11. Qe2 a6 12. O-O-O Qc7 13. f4 b5 14. Qf2 Rb8 15. e5
dxe5 16. fxe5 Nd7 17. Bxc6 Qxc6 18. Nd4 Qc4 19. Nf3 b4 20. Rd4 Qc6 21. Rd3 bxc3
22. Rxc3 Qe4 23. Rf1 Rb7 24. Ng5 Bxg5 25. Bxg5 Qxe5 26. Bd2 Nf6 27. Re1 Qb5 28.
Rb3 Qd7 29. Rd3 Qe8 30. Bg5 Nd5 31. Rxd5 exd5 32. Rxe8 Rxe8 33. b3 Re4 34. Qc5
Re8 35. Qxd5 Rd7 36. Qc6 f6 37. Bd2 Red8 38. Ba5 Bb7 39. Qe6+ Kf8 40. Bxd8 Rxd8
41. Qb6 Rd7 42. Qc5+ Kf7 43. Qh5+ Kg8 44. Qe8# {Black checkmated} 1-0

[Event "Team 45 45 League T30"]
[Site "Internet Chess Club"]
[Date "2006.03.23"]
[Round "1"]
[White "Rubacchus"]
[Black "Visin"]
[Result "1-0"]
[WhiteElo "1296"]
[BlackElo "1168"]
[TimeControl "2700+45"]

1. d4 d5 2. e4 e6 3. e5 Nc6 4. Nf3 Bb4+ 5. Nc3 Nge7 6. a3 Bxc3+ 7. bxc3 O-O 8.
c4 Nf5 9. c3 b6 10. Bd3 Nce7 11. g4 Nh6 12. Bxh6 gxh6 13. Qd2 Kg7 14. Ke2 Ng6
15. h4 f6 16. h5 Nh8 17. Rag1 Nf7 18. Bxh7 Kxh7 19. Qd3+ Kh8 20. Qg6 Qe7 21.
exf6 Qd7 22. Qg7# {Black checkmated} 1-0  aics%  Garath(71): mutx mi amigo garry
se aburre en casa :-) aics%

[Event "Team 45 45 League T30"]
[Site "Internet Chess Club"]
[Date "2006.03.27"]
[Round "1"]
[White "Gralem"]
[Black "jeffk"]
[Result "1-0"]
[WhiteElo "1251"]
[BlackElo "1075"]
[TimeControl "2700+45"]

1. d4 Nf6 2. c4 g6 3. Nc3 Bg7 4. e4 d6 5. Nf3 Nbd7 6. Be2 O-O 7. b4 c5 8. bxc5
dxc5 9. O-O Qc7 10. Bg5 cxd4 11. Nxd4 Nc5 12. Bxf6 Bxf6 13. Nd5 Qd6 14. f3 e6
15. Nxf6+ Kh8 16. Qd2 e5 17. Qh6 {Black resigns} 1-0  aics%

[Event "Team 45 45 League T30"]
[Site "Internet Chess Club"]
[Date "2006.03.23"]
[Round "1"]
[White "AtomicDog"]
[Black "Dalcon"]
[Result "0-1"]
[WhiteElo "1048"]
[BlackElo "1290"]
[TimeControl "2700+45"]

1. d4 Nf6 2. Nf3 d5 3. c4 e6 4. Nc3 Bb4 5. Qc2 O-O 6. Bg5 Nbd7 7. cxd5 Bxc3+ 8.
Qxc3 exd5 9. e3 c6 10. Bd3 Qb6 11. O-O Re8 12. Bf4 c5 13. dxc5 Nxc5 14. Be5 Nfe4
15. Bxe4 Nxe4 16. Qd4 Qg6 17. Qxd5 Bh3 18. Nh4 Qg4 19. f3 Qxh4 20. fxe4 Qh5 21.
gxh3 Rxe5 22. Qxb7 Rg5+ 23. Kh1 Rf8 24. Qxa7 Qe2 25. Rg1 Qf3+ {White resigns}
0-1  aics%

[Event "Team 45 45 League T30"]
[Site "Internet Chess Club"]
[Date "2006.03.25"]
[Round "1"]
[White "chesskix"]
[Black "Justme"]
[Result "1-0"]
[WhiteElo "1507"]
[BlackElo "1406"]
[TimeControl "2700+45"]

1. Nf3 d5 2. g3 Nc6 3. Bg2 e5 4. d3 h6 5. O-O g5 6. b3 Be7 7. Bb2 d4 8. c3 g4 9.
Nfd2 h5 10. Ne4 h4 11. b4 hxg3 12. fxg3 Nh6 13. Nc5 Qd6 14. Qa4 Nf5 15. cxd4 Qh6
16. h4 Nxg3 17. Rf2 Bxc5 18. Bxc6+ bxc6 19. dxc5 Bd7 20. Bxe5 Qxh4 21. Rg2 Qh1+
22. Kf2 Qf1+ 23. Ke3 Nf5+ 24. Kd2 Rh1 25. Na3 Qxa1 26. Bxa1 Rxa1 27. Nc4 Kf8 28.
Rxg4 Ne3 29. Nxe3 Bxg4 30. Nxg4 Rg1 31. Nf6 Kg7 32. Qxc6 Rh8 33. Ne8+ Kf8 34.
Nxc7 Rhh1 35. Qa8+ Kg7 36. Qxa7 Rd1+ 37. Ke3 Rh3+ 38. Kd4 Re1 39. Ne6+ Kf6 40.
Nf4 Rh4 41. Ke3 Rf1 42. Qb6+ Kg7 43. Nd5 Rh3+ 44. Kd2 Rhh1 45. Nc3 Rh6 46. Qb7
Rff6 47. a4 Rc6 48. a5 Rh8 49. Qxc6 {Black resigns} 1-0  aics%

[Event "Team 45 45 League T30"]
[Site "Internet Chess Club"]
[Date "2006.03.25"]
[Round "1"]
[White "Gomer"]
[Black "curtintime"]
[Result "0-1"]
[WhiteElo "1261"]
[BlackElo "1322"]
[TimeControl "2700+45"]

1. e4 e5 2. Bc4 Nf6 3. d3 Nc6 4. Nc3 Bb4 5. f4 d6 6. fxe5 dxe5 7. Nf3 Bg4 8. O-O
Nd4 9. h3 Nxf3+ 10. gxf3 Bxh3 11. Kh2 Bxf1 12. Qxf1 Bxc3 13. bxc3 a6 14. a3 Qe7
15. Qg2 Nh5 16. Qg4 g6 17. Bg5 Qc5 18. Bh6 Qf2+ 19. Kh3 Qxc2 20. Bxf7+ Kxf7 21.
Qd7+ Kf6 22. Qxc7 Qxd3 23. Qb6+ Ke7 24. Qxb7+ Qd7+ 25. Qxd7+ Kxd7 26. Rd1+ Ke6
27. Rb1 Rab8 28. Rc1 Rhc8 29. Be3 Rb3 {White resigns} 0-1  aics%  MaX40(71):
holas gueveooo aics%

[Event "Team 45 45 League T30"]
[Site "Internet Chess Club"]
[Date "2006.03.23"]
[Round "1"]
[White "pk4"]
[Black "grapes"]
[Result "0-1"]
[WhiteElo "1344"]
[BlackElo "1334"]
[TimeControl "2700+45"]

1. d4 Nf6 2. Nf3 g6 3. c4 Bg7 4. Nc3 d6 5. e3 O-O 6. Bd3 Re8 7. Ne4 Nxe4 8. Bxe4
e5 9. O-O c6 10. dxe5 dxe5 11. b3 Be6 12. Bb2 Nd7 13. Ng5 Qxg5 14. h3 Bxh3
{White resigns} 0-1  aics%